 Dungeon Crawl Stone Soup version 0.23.2-40-g277498a001 (webtiles) character file.

Game seed: 1511878543871617766

52 Curus the Unweaver (level 3, 0/31 HPs)
             Began as a Hill Orc Abyssal Knight on Sept 15, 2019.
             Was a Follower of Lugonu.
             Slain by a gnoll
             ... wielding a +0 spear
              (7 damage)
             ... on level 2 of the Dungeon.
             The game lasted 00:10:02 (1314 turns).

Curus the Unweaver (Hill Orc Abyssal Knight)        Turns: 1314, Time: 00:10:02

Health: 0/31       AC:  5    Str: 11 (14) XL:     3   Next: 85%
Magic:  6/6        EV:  9    Int:  9 (12) God:    Lugonu [*.....]
Gold:   21         SH:  3    Dex: 10 (11) Spells: 2/2 levels left

rFire    . . .     SeeInvis .   a - +1 falchion
rCold    . . .     Gourm    .   e - +0 buckler
rNeg     . . .     Faith    .   d - +0 ring mail
rPois    .         Spirit   .   (no helmet)
rElec    .         Reflect  .   (no cloak)
rCorr    .         Harm     .   (no gloves)
MR       .....                  (no boots)
Stlth    ..........             (no amulet)
HPRegen  0.10/turn              (no ring)
MPRegen  0.10/turn              (no ring)

@: no status effects
A: no striking features
a: Depart the Abyss, Renounce Religion


You were on level 2 of the Dungeon.
You worshipped Lugonu.
Lugonu was aware of your devotion.
You were not hungry.

You visited 1 branch of the dungeon, and saw 2 of its levels.
You visited the Abyss 1 time.

You collected 21 gold pieces.

Inventory:

Hand Weapons
 a - a +1 falchion (weapon)
Armour
 b - a +0 leather armour
 d - a +0 ring mail (worn)
 e - a +0 buckler (worn)
Scrolls
 f - a scroll of identify
Comestibles
 c - 2 rations


   Skills:
 - Level 3.6 Fighting
 + Level 3.5 Long Blades
 - Level 2.1 Armour
 - Level 0.7 Dodging
 + Level 4.0 Invocations


You had 2 spell levels left.
You didn't know any spells.
Your spell library was empty.

Dungeon Overview and Level Annotations

Branches:
Dungeon (2/15)

Altars:
Ashenzari

Annotations:
D:2 Terence


Message History

Terence hits you with a +0 short sword.
You hit Terence.
Terence is lightly wounded.
Terence barely misses you.
You hit Terence but do no damage.
Terence is lightly wounded.
Terence hits you but does no damage. Terence closely misses you.
Terence hits you with a +0 short sword.
There is an escape hatch in the floor here.
The gnoll shouts!
The gnoll hits you but does no damage.
The gnoll hits you from afar with a +0 spear.
* * * LOW HITPOINT WARNING * * *
Terence says, "Don't bother to defend, it's pointless."
You block the gnoll's attack. The gnoll hits you with a +0 spear.
* * * LOW HITPOINT WARNING * * *
You barely miss the gnoll.
The gnoll hits you from afar with a +0 spear!
You die...

#. #... #.# #...### #.#
######..s...
######.#####....##+###s
#...##.....+....##.# #.
#...##.....#....##.# #s
#.<.##.....#.#####.# #.
#...##..g@.#.#####.# ##
#.g.##@###.#÷##...s####
#..g##g# #.#.##s###....
#....(.###@#.##>###.###
#...##..).s..##.#......
######)####.#...#.#†###
#.##.._..###.#.#
#.##.#.#...# #.#
#.##.#.....# #.# #.##
#.##### ...


You could see Terence and 2 gnolls.

Vanquished Creatures
  A gnoll (D:2)
  An adder (D:2)
  A worm (D:2)
  2 leopard geckos (D:1)
  3 bats (D:1)
  3 goblins (D:1)
  2 hobgoblins
  3 jackals (D:1)
  6 kobolds
  2 frilled lizards (D:1)
  6 rats
30 creatures vanquished.

Notes
Turn   | Place    | Note
-------+----------+-------------------------------------------
     0 | Abyss:1  | Curus the Hill Orc Abyssal Knight began the quest for the
                  | Orb.
     0 | Abyss:1  | Reached XP level 1. HP: 19/19 MP: 2/2
    51 | Abyss:1  | Noticed a thrashing horror
    52 | D:1      | Escaped the Abyss
   158 | D:1      | Reached XP level 2. HP: 26/26 MP: 4/4
   168 | D:1      | Reached skill level 3 in Invocations
   289 | D:1      | Reached * piety under Lugonu
   642 | D:1      | Reached XP level 3. HP: 5/31 MP: 5/5
  1022 | D:2      | Found a shattered altar of Ashenzari.
  1031 | D:2      | Reached skill level 4 in Invocations
  1274 | D:2      | Noticed Terence
  1314 | D:2      | Slain by a gnoll

Skill      XL: |  1  2  3 |
---------------+----------+-----
Invocations    | 3 4 |  4.0
Long Blades    | 3 |  3.5
Fighting       | |  3.6
Armour         | |  2.1
Dodging        | |  0.7

Action                   || total
-------------------------++-------
Melee: Falchion          ||    99
Invok: Depart the Abyss  ||     1
  Use: Scroll            ||     2
       Potion            ||     3
  Eat: Chunk             ||     1
Armor: Leather armour    ||     6
       Ring mail         ||    38
Dodge: Dodged            ||    56
Block: Buckler           ||     9
       Rpst.: Falchion   ||    15
